 Dungeon Sprint DCSS version 0.29-a0-384-g6960b1960d (webtiles) character file.

Game seed: 17291626016639453321

222 mhtbhm the Basher (level 5, -5/85 HPs)
             Began as a Minotaur Berserker on May 7, 2022.
             Was an Elder of Trog.
             Slain by a two-headed ogre
             ... wielding a +0 giant club
              (18 damage)
             ... in the Dungeon (Sprint IX: "|||||||||||||||||||||||||||||").
             The game lasted 00:00:58 (528 turns).

mhtbhm the Basher (Minotaur Berserker)               Turns: 528, Time: 00:00:58

Health: -5/85      AC: 13    Str: 24    XL:     5   Next: 66%
Magic:  4/4        EV: 11    Int:  4    God:    Trog [****..]
Gold:   0          SH:  0    Dex:  9    Spells: 4/4 levels left

rFire   . . .      SeeInvis .   a - +0 mace
rCold   . . .      Faith    .   (no shield)
rNeg    . . .      Spirit   .   b - +1 scale mail
rPois   .          Reflect  .   (helmet restricted)
rElec   .          Harm     .   (no cloak)
rCorr   .          Rampage  .   k - +0 pair of gloves
Will    .....      NoTele   +   (no boots)
Stlth   ..........              (no amulet)
HPRegen 0.24/turn               l - +2 ring of protection
MPRegen 0.09/turn               m - +2 ring of protection

@: berserking (expiring), slowed
A: horns 2, retaliatory headbutt
a: Renounce Religion, Berserk, Trog's Hand, Brothers in Arms


You were in the Dungeon.
You worshipped Trog.
Trog was greatly pleased with you.
You visited 1 branch

Inventory:

Hand Weapons
 a - a +0 mace (weapon)
Armour
 b - a +1 scale mail (worn)
 k - a +0 pair of gloves (worn)
Jewellery
 l - a +2 ring of protection (left hand)
 m - a +2 ring of protection (right hand)
Wands
 j - a wand of iceblast (10)
Scrolls
 h - 2 scrolls of blinking
Potions
 c - 5 potions of curing
 d - a potion of invisibility
 e - a potion of haste
 f - 4 potions of magic
 i - 2 potions of heal wounds


   Skills:
 + Level 9.3 Fighting
 + Level 9.6 Maces & Flails
 + Level 5.1 Armour
 + Level 5.1 Dodging


You had 4 spell levels left.
You didn't know any spells.
Your spell library was empty.

Dungeon Overview and Level Annotations

Branches:
Dungeon (1/1)

Altars:
Cheibriados
Dithmenos
Elyvilon
Fedhas
Gozag
Hepliaklqana
Kikubaaqudgha
Makhleb
Nemelex Xobeh
Okawaru
Qazlal
Ru
Sif Muna
Trog
Uskayaw
Vehumet
Wu Jian
Xom
Yredelemnul
Zin
The Shining One
Beogh
Jiyva
Lugonu


Innate Abilities, Weirdness & Mutations

You have a pair of horns on your head.
You reflexively headbutt those who attack you in melee.


Message History

You are too injured to fight recklessly!
You are too injured to fight recklessly!
You are too injured to fight recklessly!
You are too injured to fight recklessly!
You are too injured to fight recklessly!
You are too injured to fight recklessly!
You are too injured to fight recklessly!
You are too injured to fight recklessly!
You are too injured to fight recklessly!
You hit the wraith but do no damage. You headbutt the wraith.
The wraith is almost destroyed.
The wraith hits you but does no damage.
The orc priest casts a cantrip, but nothing happens.
You hit the wraith but do no damage.
The wraith is almost destroyed.
The wraith hits you. The wraith drains your vigour!
You feel as though you will be slow longer.
You closely miss the wraith.
The wraith is almost destroyed.
The wraith hits you!
* * * LOW HITPOINT WARNING * * *
You closely miss the wraith.
The wraith is almost destroyed.
The wraith hits you but does no damage.
You sock the wraith!
You destroy the wraith!
Trog accepts your kill.
You can now call in reinforcements.
Your Fighting skill gained 3 levels and is now at level 9!
Your Maces & Flails skill gained 2 levels and is now at level 9!
Your Armour skill gained 2 levels and is now at level 5!
Your Dodging skill gained 2 levels and is now at level 5!
You have reached level 5!
Unknown command.
Unknown command.
You hit the two-headed ogre.
The two-headed ogre is lightly wounded.
The two-headed ogre hits you with a +0 giant club!
* * * LOW HITPOINT WARNING * * *
The two-headed ogre hits you with a +0 giant spiked club!!
You die...

▓.▓
▓.▓
▓9▓
▓T▓
▓o▓
▓Y▓
▓O▓
▓@▓
▓.▓
▓.▓
▓[▓
▓[▓
▓.▓
▓)▓
▓?▓
▓.▓


You could see a two-headed ogre, a yak, a troll, a gargoyle and an orc priest.

Vanquished Creatures
  A wraith (D)
  A gnoll shaman (D)
  A hound (D)
  A dart slug (D)
  2 orcs (D)
  A jackal (D)
  2 kobolds (D)
  A bat (D)
  A rat (D)
11 creatures vanquished.

Notes
Turn   | Place    | Note
-------+----------+-------------------------------------------
     0 | D        | mhtbhm the Minotaur Berserker began the quest for the Orb.
     0 | D        | Reached XP level 1. HP: 19/19 MP: 0/0
     8 | D        | Reached ** piety under Trog
   130 | D        | Noticed a hound
   130 | D        | Noticed a gnoll shaman
   140 | D        | Killed a gnoll shaman
   141 | D        | Reached skill level 5 in Fighting
   141 | D        | Reached XP level 2. HP: 9/30 MP: 1/1
   141 | D        | Reached XP level 3. HP: 12/37 MP: 2/2
   145 | D        | Reached *** piety under Trog
   149 | D        | Reached XP level 4. HP: 11/45 MP: 3/3
   157 | D        | Found a snail-covered altar of Cheibriados.
   157 | D        | Found a shadowy altar of Dithmenos.
   157 | D        | Found a white marble altar of Elyvilon.
   157 | D        | Found a blossoming altar of Fedhas.
   157 | D        | Found an opulent altar of Gozag.
   158 | D        | Found a hazy altar of Hepliaklqana.
   159 | D        | Found a viscous altar of Jiyva.
   160 | D        | Found an ancient bone altar of Kikubaaqudgha.
   161 | D        | Found a corrupted altar of Lugonu.
   162 | D        | Found a burning altar of Makhleb.
   163 | D        | Found a sparkling altar of Nemelex Xobeh.
   164 | D        | Found an iron altar of Okawaru.
   165 | D        | Found a stormy altar of Qazlal.
   166 | D        | Found a sacrificial altar of Ru.
   167 | D        | Found a shimmering blue altar of Sif Muna.
   168 | D        | Found a bloodstained altar of Trog.
   169 | D        | Found a hide-covered altar of Uskayaw.
   170 | D        | Found a radiant altar of Vehumet.
   171 | D        | Found an ornate altar of the Wu Jian Council.
   172 | D        | Found a shimmering altar of Xom.
   173 | D        | Found a basalt altar of Yredelemnul.
   174 | D        | Found a glowing silver altar of Zin.
   175 | D        | Found a glowing golden altar of the Shining One.
   517 | D        | Noticed a gargoyle
   517 | D        | Noticed a troll
   517 | D        | Noticed a yak
   517 | D        | Noticed a two-headed ogre
   517 | D        | Noticed a wraith
   527 | D        | Killed a wraith
   527 | D        | Reached **** piety under Trog
   528 | D        | Reached skill level 5 in Armour
   528 | D        | Reached skill level 5 in Dodging
   528 | D        | Reached XP level 5. HP: 26/57 MP: 4/4
   528 | D        | Slain by a two-headed ogre

Illustrated notes

Levels and vault maps discovered:
D:        linesprint [early_d, line_temple, items_1, d_10, items_2, lair_1,
          lair_end, items_3, orc_1, orc_end, items_4, d_15, swamp_1, shoals_1,
          snake_1, spider_1, d_20, vaults_1, items_5, swamp_end, shoals_end,
          snake_end, spider_end, vaults_end, d_27, items_6, zot_1, zot_end,
          crypt_end, forest_end, elf_end, slime_end, tomb_end, abyss_end,
          pan_hell_end]

Skill      XL: |  1  2  3  4 |
---------------+-------------+-----
Fighting       | 5 6 9 |  9.3
Maces & Flails | 6 7 9 |  9.6
Armour         | 3 5 |  5.1
Dodging        | 3 5 |  5.1

Action                   |  1- 3 |  4- 6 || total
-------------------------+-------+-------++-------
Melee: Mace              |    25 |    12 ||    37
       Headbutt          |     6 |     3 ||     9
  Use: Potion            |     1 |     1 ||     2
Armor: Animal skin       |     3 |       ||     3
       Scale mail        |       |     3 ||     3
Dodge: Dodged            |    14 |     2 ||    16

Table legend: (Time is in decaauts)
 A = Elapsed time spent in this place.
 B = Non-inter-level travel time spent in this place.
 C = Inter-level travel time spent in this place.
 D = Time resting spent in this place.
 E = Time spent auto-exploring this place.
 F = Levels seen in this place.
 G = Mean time per level.
                   A        B        C        D        E       F      G
               +--------+--------+--------+--------+--------+-----+--------+
         Total |    531 |    531 |      0 |    370 |      6 |   1 |  531.0 |
       Dungeon |    531 |    531 |      0 |    370 |      6 |   1 |  531.0 |
               +--------+--------+--------+--------+--------+-----+--------+

Top non-repeatable levels by time:
       D: 531 daAuts
